[Event "MCCT Oslo Esports Cup 2022"]
[Site "Oslo"]
[Date "2022.04.20"]
[Round "3.2"]
[White "Hansen, Eric"]
[Black "Mamedyarov, Shakhriyar"]
[Result "0-1"]
[ECO "C60"]
[WhiteElo "2606"]
[BlackElo "2771"]
[Annotator "TA"]
[PlyCount "124"]
[EventDate "2022.04.14"]
[EventType "tourn"]
[EventCountry "NOR"]
[SourceTitle "playchess.com"]
[Source "ChessBase"]
[SourceQuality "1"]
[TimeControl "1500+10"]

1. e4 e5 2. Nf3 Nc6 3. Bb5 g6 4. d4 exd4 5. Bg5 Be7 6. Bxe7 Qxe7 7. Bxc6 dxc6 8. Qxd4 Nf6 9. Nc3 Bg4 {[%emt 0:00:03] C60: Ruy Lopez: Unusual Black 3rd moves and 3...g6.} 10. Nd2 c5 11. Qe3 O-O-O {[%emt 0:00:02] The position is equal.} 12. h3 Be6 13. O-O-O b6 14. Rhe1 Kb8 15. f4 Bc8 16. e5 Nd5 17. Nxd5 Rxd5 18. Ne4 {[%emt 0:00:07] [#]} Bb7 $146 ({Predecessor:} 18... Rxd1+ 19. Rxd1 h5 20. Nf6 Rd8 21. Rxd8 Qxd8 22. g4 hxg4 23. hxg4 Qh8 24. b3 Qh1+ {0-1 (44) Volokitin,A (2636)-Shyam,S (2520) Riga 2019}) 19. Rxd5 Bxd5 20. g4 Bxe4 21. Qxe4 $11 {[%emt 0:00:02][%mdl 4096] Endgame KQR-KQR} Rd8 22. Rd1 Rxd1+ 23. Kxd1 {[%emt 0:00:01] KQ-KQ} Qh4 $1 24. Qf3 Qd8+ 25. Ke2 Qd4 26. b3 c4 27. c3 Qg1 28. bxc4 Qb1 29. Qd3 Qxa2+ 30. Kf3 Kc8 31. f5 Qh2 32. Ke4 g5 33. Qe3 Qh1+ 34. Kd3 Qd1+ 35. Ke4 Qb1+ 36. Kf3 Qf1+ 37. Kg3 Qxc4 38. Qxg5 Qxc3+ 39. Kg2 Qxe5 40. Qg8+ Kb7 41. Qxf7 a5 42. f6 {[%emt 0:00:02] Strongly threatening Qe7.} a4 {[%emt 0:00:33] Threatens to win with ...a3.} 43. Qe7 Qd5+ 44. Kf2 {[%emt 0:00:29] And now f7 would win.} a3 45. Qxa3 {[%emt 0:00:16] Qf3 is the strong threat.} Qd4+ 46. Qe3 (46. Kg2 $11 Qxf6 47. Qd3) 46... Qxf6+ $17 47. Kg3 {[%emt 0:00:02] [#]} (47. Ke1 $17 {was necessary.}) 47... Qd6+ ({Better is} 47... b5 $1 $19 {Hoping for ...Qd6+.} 48. Qe4+ Kb6) 48. Kh4 $2 (48. Kf2 $17) 48... Qd5 49. Qe7 Qd3 50. Qe5 c5 51. Qf5 (51. Qg7+ $142 Kc8 52. Qh6 Qd8+ 53. g5) 51... Qxf5 $19 52. gxf5 {[%emt 0:00:00] K3P-KPP} Kc6 53. Kg5 c4 54. f6 c3 55. f7 c2 56. f8=Q c1=Q+ {[%emt 0:00:01] KQ-KQ} 57. Kg4 Qc4+ (57... Qg1+ $142 58. Kh4 Qd4+ 59. Kg3 Qd6+ 60. Qf4 Qxf4+ 61. Kxf4 Kd5 62. Ke3 Kc4 63. Kd2 Kb3 64. h4 b5 65. h5 b4 66. Kd3 Ka2 67. Ke4 b3 68. Kf5 b2 69. Kg4 b1=Q 70. h6 Kb3 71. Kf4 Kc4 72. Kg5 Qe4 73. Kf6 Kd5 74. Kf7 Kd6 75. Kg8 Ke6 76. Kh8 Qg2 77. Kxh7 Kf7 78. Kh8 Qg8#) 58. Kg3 Qc3+ $2 (58... Qd3+ $19 59. Kf2 b5) 59. Kg4 $2 (59. Kg2 $15 Qd2+ 60. Kf1) 59... Qd4+ ({Worse is} 59... Qc4+ 60. Kg3 $17) 60. Kf3 {[%emt 0:00:07] [#]} Qd5+ $2 (60... Qd3+ $1 $19 61. Kf2 b5) 61. Ke2 $1 $15 Qe5+ 62. Kd1 $2 (62. Kf1 $15) 62... Qd6+ {[%emt 0:00:02] Weighted Error Value: White=0.60/Black=0.46} 0-1

[Event "MCCT Oslo Esports Cup 2022"]
[Site "Oslo"]
[Date "2022.04.20"]
[Round "3.3"]
[White "Giri, Anish"]
[Black "Carlsen, Magnus"]
[Result "0-1"]
[ECO "A79"]
[WhiteElo "2773"]
[BlackElo "2864"]
[Annotator "TA"]
[PlyCount "106"]
[EventDate "2022.04.14"]
[EventType "tourn"]
[EventCountry "NOR"]
[SourceTitle "playchess.com"]
[Source "ChessBase"]
[SourceQuality "1"]
[TimeControl "1500+10"]

1. d4 e6 2. c4 c5 3. d5 exd5 4. cxd5 d6 5. Nc3 g6 6. Nf3 Bg7 7. e4 Nf6 8. Nd2 O-O 9. Be2 Na6 10. O-O Re8 11. f3 Nc7 12. a4 b6 13. Nc4 Ba6 14. Bg5 Bxc4 {[%emt 0:00:20] A79: Modern Benoni: Classical: 9...Re8 10 Nd2 Na6 11 f3.} 15. Bxc4 a6 16. Kh1 h6 {[%emt 0:02:18] White is slightly better.} 17. Bh4 Qd7 18. Qd3 Nh5 19. Rfe1 {[%emt 0:02:44] [#]} Be5 $146 ({Predecessor:} 19... g5 20. Bf2 Nf4 21. Qc2 b5 22. Bf1 b4 23. Nb1 b3 24. Qc1 Rab8 25. Nd2 f5 {1-0 (43) Berkes,F (2671)-Markoja,B (2453) Struga 2021}) 20. Bf2 Reb8 21. Ra3 Nf4 22. Qd2 b5 23. axb5 axb5 24. Rxa8 Rxa8 25. Bf1 g5 26. g3 Ng6 27. Be3 Qe7 28. Bh3 b4 29. Nd1 Ra1 30. Qe2 (30. f4 $11 {feels stronger.} gxf4 31. gxf4) 30... Qf6 (30... Qe8 $15) 31. b3 {[%emt 0:00:01] [#] Black converts the advantage convincingly.} (31. Rf1 $11 {remains equal.}) 31... Nb5 $1 $17 32. Rf1 (32. Bf5 Bc3) 32... Nd4 33. Qd3 (33. Bxd4 $17 {was necessary.} Bxd4 34. Bf5) 33... h5 $19 ({Don't take} 33... Nxf3 34. Qe2 $16) 34. Bf5 Nxf5 35. exf5 Ne7 36. g4 hxg4 37. fxg4 Qh6 {[%emt 0:00:42][%csl Ge5][%cal Rh6h2] [#]} 38. Bg1 Qh4 $40 {[%emt 0:00:28][%mdl 128] Black has strong attack.} 39. f6 $2 (39. Qf3) 39... Ng6 40. Qf5 Nf8 ({Wrong is} 40... Qh3 $2 41. Ne3 $19) 41. Kg2 Qh7 (41... Ra3 $142 42. Rf3 Qh6) 42. Ne3 (42. Qxg5+ {keeps fighting.} Ng6 43. Ne3 Rxf1 44. Kxf1 (44. Nxf1 $2 {loses.} c4 $19)) 42... Ra2+ 43. Rf2 Qxf5 {[%emt 0:00:02] Chess con chili.} 44. Nxf5 (44. gxf5 $142 Ra3 45. Ng4) 44... Rxf2+ 45. Bxf2 {[%emt 0:00:02][%mdl 4096] Endgame KBN-KBN} c4 46. Nh6+ $2 (46. Nd4 Bxd4 47. Bxd4 cxb3 48. Kf3) 46... Kh7 {[%emt 0:00:02] Black is clearly winning.} 47. Nxf7 cxb3 {[%emt 0:00:02] aiming for ...b2.} 48. Nxg5+ Kg6 49. Ne4 Bc3 {[%emt 0:00:01] And now ...b2 would win.} 50. h4 b2 51. h5+ Kh7 52. Ng5+ Kg8 53. f7+ Kg7 {[%emt 0:00:02] Weighted Error Value: White=0.76/Black=0.14 (very precise)} 0-1

[Event "MCCT Oslo Esports Cup 2022"]
[Site "Oslo"]
[Date "2022.04.20"]
[Round "3.3"]
[White "Mamedyarov, Shakhriyar"]
[Black "Hansen, Eric"]
[Result "1/2-1/2"]
[ECO "E60"]
[WhiteElo "2771"]
[BlackElo "2606"]
[Annotator "TA"]
[PlyCount "64"]
[EventDate "2022.04.14"]
[EventType "tourn"]
[EventCountry "NOR"]
[SourceTitle "playchess.com"]
[Source "ChessBase"]
[SourceQuality "1"]
[TimeControl "1500+10"]

1. d4 Nf6 2. c4 g6 3. Nf3 Bg7 4. e3 O-O 5. Be2 c5 {[%emt 0:00:49] The position is equal.} 6. dxc5 {[%emt 0:00:05] E60: King's Indian: Unusual lines and Fianchetto Variation without Nc3.} Na6 7. O-O Nxc5 8. b4 Nce4 9. Bb2 a5 10. a3 axb4 11. axb4 Rxa1 12. Bxa1 {[%emt 0:00:02] [#]} Qb6 $146 ({Predecessor:} 12... d5 13. c5 Bg4 14. Nbd2 e6 15. h3 Bxf3 16. Bxf3 Qa8 17. Bxe4 dxe4 18. Bxf6 Bxf6 19. Nxe4 {1-0 (36) Mamedyarov,S (2764)-Svidler,P (2723) chess24.com INT 2020}) 13. Qb3 d6 14. Nc3 Bd7 15. Nxe4 Nxe4 16. Bxg7 Kxg7 17. Ra1 Rc8 18. h3 Kg8 19. Qb2 Be6 20. Nd4 Bd7 (20... Bxc4 $2 21. Bxc4 e5 {[#]} 22. Ne6 $1 $18 ) 21. Qa3 e5 22. Nb3 Be6 23. Rc1 Kg7 24. Bd3 Nf6 25. c5 Qd8 26. Na5 Bd5 27. Nc4 Bxc4 28. Rxc4 Ra8 29. Qb2 dxc5 30. Be2 cxb4 31. Rxb4 Qd6 32. Rxb7 Re8 {[%emt 0:00:08] A balanced but interesting game.  Weighted Error Value: White=0.01 (flawless) /Black=0.00 (flawless)} 1/2-1/2

[Event "MCCT Oslo Esports Cup 2022"]
[Site "Oslo"]
[Date "2022.04.20"]
[Round "3.3"]
[White "Van Foreest, Jorden"]
[Black "Duda, Jan-Krzysztof"]
[Result "0-1"]
[ECO "C54"]
[WhiteElo "2714"]
[BlackElo "2750"]
[Annotator "TA"]
[PlyCount "70"]
[EventDate "2022.04.14"]
[EventType "tourn"]
[EventCountry "NOR"]
[SourceTitle "playchess.com"]
[Source "ChessBase"]
[SourceQuality "1"]
[TimeControl "1500+10"]

1. e4 e5 2. Nf3 Nc6 3. Bc4 Bc5 4. d3 Nf6 5. O-O h6 6. c3 d6 (6... d5 7. exd5 Ne7 8. Nxe5 $16) 7. b4 {[%emt 0:00:49] C54: Giuoco Piano: 4 c3 Nf6, main lines with 5 d4 and 5 d3.} Bb6 8. Nbd2 {[%emt 0:00:00] is currently scoring better than 8.a4.} O-O 9. Re1 {[%emt 0:00:34] The position is equal.} Ne7 10. d4 Ng6 11. Bf1 Re8 12. Qc2 c6 {[%emt 0:01:29] [#]} 13. dxe5 $146 {[%emt 0:00:49][%mdl 8192] This costs White the game.} (13. h3 $11) ({Predecessor:} 13. h3 Bc7 14. dxe5 Nxe5 15. Nxe5 dxe5 16. a4 Be6 17. Nc4 b5 18. Rd1 Qb8 19. Ne3 {1-0 (42) Van Foreest,J (2691)-Ponomariov,R (2631) Riga 2021}) 13... Ng4 $19 {[%emt 0:00:27][%mdl 64] [#] Zwischenzug, Double Attack} (13... Nxe5 14. Nxe5 Rxe5 15. Nc4 $11) (13... dxe5 14. Nc4 $11) 14. Re2 Nf4 ({And not} 14... dxe5 15. h3 Nf6 16. Nc4 $11) (14... N4xe5 15. a4 $15) (14... N6xe5 15. h3 $11) 15. Nc4 Nxe2+ 16. Qxe2 Bxf2+ 17. Kh1 Bb6 ({Weaker is} 17... dxe5 18. h3 $15) 18. h3 Nxe5 19. Nfxe5 dxe5 20. a4 Be6 21. a5 Bc7 22. Be3 Qh4 23. Bg1 b5 24. Nd2 a6 25. Nf3 Qf6 26. Qe3 Bb8 27. Bh2 Ba7 28. Qe1 {[%emt 0:00:02] [#]} Bxh3 $1 {[%emt 0:01:45] Black is clearly winning.} 29. Nxe5 (29. Bxe5 Qg6) 29... Bc8 ({Don't blunder} 29... Rxe5 $2 30. Bxe5 Bxg2+ 31. Bxg2 Qxe5 32. Qd1 $19) 30. Nf3 Bg4 31. e5 Qg6 32. Qg3 Rad8 33. Re1 Bf5 34. Qf4 Qg4 35. Qc1 Bf2 {[%emt 0:00:11] Weighted Error Value: White=0.39/Black=0.07 (flawless)} 0-1

[Event "MCCT Oslo Esports Cup 2022"]
[Site "Oslo"]
[Date "2022.04.20"]
[Round "3.3"]
[White "Le, Quang Liem"]
[Black "Praggnanandhaa R"]
[Result "0-1"]
[ECO "A23"]
[WhiteElo "2709"]
[BlackElo "2624"]
[Annotator "TA"]
[PlyCount "108"]
[EventDate "2022.04.14"]
[EventType "tourn"]
[EventCountry "NOR"]
[SourceTitle "playchess.com"]
[Source "ChessBase"]
[SourceQuality "1"]
[TimeControl "1500+10"]

1. c4 e5 2. g3 Nf6 3. Bg2 Bc5 4. Nc3 c6 5. Nf3 e4 6. Nh4 {[%emt 0:00:41] A23: English Opening: 1...e5 2 Nc3 Nf6 3 g3 c6.} d5 {[%emt 0:00:02] [#]} 7. O-O $146 ({Predecessor:} 7. d4 Be7 8. cxd5 cxd5 9. O-O O-O 10. f3 exf3 11. Rxf3 Nc6 12. Nf5 Ne4 13. Rf1 {1-0 (22) Nepomniachtchi,I (2773)-Anand,V (2757) Kolkata 2019}) 7... h6 8. d4 {[%emt 0:00:29] Black is slightly better.} Bb6 9. f3 dxc4 10. e3 $1 exf3 11. Qxf3 O-O (11... Bg4 $5 12. Qf2 O-O $11) 12. Bd2 (12. Nf5 $11) 12... Bg4 13. Qf2 Be6 14. Nf5 Nbd7 15. h3 ({White should try} 15. a4 $15) 15... Qc7 $17 16. g4 Rad8 17. Rad1 Bxf5 18. Qxf5 c5 (18... Rfe8 $17) 19. Nb5 Qb8 20. Kh1 a6 21. Na3 cxd4 22. exd4 Bxd4 (22... Rc8 $1 $15) 23. Bb4 {[%emt 0:02:23] This bishop pair is nice.} (23. Bxh6 $5 Nc5 24. Bf4 $16 (24. Rxd4 Rxd4 25. Qxc5 Nxg4 $11)) 23... Ne5 ({Resist} 23... g6 24. Qc2 Ne5 25. Rxf6 (25. Bxf8 Nexg4 26. hxg4 Nxg4 $11) 25... Nxg4 26. Rxg6+ $1 (26. hxg4 Bxf6 27. Bxf8 Kxf8 $14) 26... fxg6 27. Qxg6+ (27. hxg4 Qg3 $11) 27... Bg7 28. Qxg4 Rxd1+ 29. Qxd1 $11) 24. Bxf8 Kxf8 25. b3 b5 26. bxc4 bxc4 27. Nc2 Nd3 28. Nxd4 Rxd4 29. Rb1 Qd8 30. Rb7 Rd7 (30... Rd6 $1 $11) 31. Rxd7 $16 Qxd7 32. Qa5 (32. Be4 $5) 32... Qd6 33. Qa4 Ne5 34. Rd1 Nd3 {[%emt 0:00:12] White must now prevent ...Nf2+.} 35. Rf1 {[%emt 0:00:24] Inhibits Nf2+.} Ne5 36. Rb1 Kg8 37. Qb4 Qd3 {[%emt 0:00:27] Threatens to win with ...Ne4.} 38. Qe1 {[%emt 0:00:27] Prevents Ne4. And now Rb8+ would win.} Qd4 39. Qg1 Qf4 {[%emt 0:00:10] ...Ne4 is the strong threat.} 40. Rf1 Qg3 41. Qf2 Qc3 42. Qa7 Nd3 (42... a5 $11 {remains equal.}) 43. Qxa6 Qd4 44. a4 {[%emt 0:00:33] aiming for Qc8+.} Nf2+ 45. Kh2 {[%emt 0:00:14] Hoping for Qc8+.} Nd1 $2 (45... g6 $16) 46. Qc8+ $18 Kh7 47. Qf5+ Kg8 {[%emt 0:00:01] [#]} 48. Qf4 Qd3 49. Re1 $2 (49. a5 c3 50. a6 Qxa6 51. Rxd1) 49... c3 50. Re7 $2 (50. Be4 $18 {Qb8+ would kill now.} Nxe4 51. Qxe4 (51. Rxe4 c2 $11) 51... Qd2+ 52. Re2 Qd6+ 53. Qe5) 50... c2 $1 $11 (50... Qd2 $2 51. Qxd2 cxd2 52. a5 $18) 51. Rc7 $2 (51. Be4 $11 {and White stays safe.} Qe2+ 52. Kg1 Qe1+ 53. Kh2 Qe2+ 54. Kg1 Qe1+ 55. Kh2 Qe2+) 51... Ne3 $19 {[%emt 0:00:02] Black is clearly winning.} 52. Rc8+ Kh7 53. a5 Qd2 54. Rxc2 {[%emt 0:00:23] [#]} (54. Qf3 $142) 54... Nexg4+ $1 {[%emt 0:00:12][%mdl 512] Weighted Error Value: White=0.41/Black=0.21 (precise)} 0-1

[Event "MCCT Oslo Esports Cup 2022"]
[Site "Oslo"]
[Date "2022.04.20"]
[Round "3.4"]
[White "Hansen, Eric"]
[Black "Mamedyarov, Shakhriyar"]
[Result "1-0"]
[ECO "C42"]
[WhiteElo "2606"]
[BlackElo "2771"]
[Annotator "TA"]
[PlyCount "105"]
[EventDate "2022.04.14"]
[EventType "tourn"]
[EventCountry "NOR"]
[SourceTitle "playchess.com"]
[Source "ChessBase"]
[SourceQuality "1"]
[TimeControl "1500+10"]

1. e4 e5 2. Nf3 Nf6 3. Nxe5 d6 4. Nf3 Nxe4 5. d3 Nf6 6. d4 Be7 7. h3 {[%emt 0:00:24] C42: Petroff Defence: 3 Nxe5 and unusual White 3rd moves.} O-O 8. Bd3 c5 9. O-O {[%emt 0:00:09] The position is equal.} Nc6 10. c3 h6 11. Re1 Be6 {[%emt 0:00:50] [#]} 12. dxc5 $146 ({Predecessor:} 12. Bf1 d5 13. dxc5 Bxc5 14. Be3 Qb6 15. Bxc5 {½-½ (15) Shkapenko,P (2425)-Jovanic,O (2490) Trieste 2017}) 12... dxc5 13. Na3 Re8 14. Bf4 Bf8 15. Qc2 Nd5 16. Bg3 Qf6 17. Be4 a6 18. Nc4 Nf4 19. Ne3 Rad8 20. Ng4 Bxg4 21. hxg4 g6 22. Qa4 {[%emt 0:01:21] And now Bxf4 would win.} Bd6 (22... Nd5 $14) 23. Bxc6 (23. Bxf4 $16 Bxf4 24. Bxc6 Rxe1+ 25. Rxe1 bxc6 26. Qxa6) 23... bxc6 (23... Ne2+ $1 $11 {keeps the balance.} 24. Rxe2 Rxe2 25. Bxd6 (25. Bxb7 Bxg3 26. fxg3 Rxb2 $11) 25... Rxd6) 24. Bxf4 $16 ({Of course not} 24. Qxc6 $6 Ne2+ 25. Kf1 (25. Kh1 Nxg3+ 26. fxg3 Rxe1+ 27. Rxe1 a5 $11) 25... Nxg3+ 26. fxg3 Be5 27. Qxf6 Bxf6 $14) 24... Qxf4 25. Qxc6 (25. Qxa6 $142 Rxe1+ 26. Rxe1) 25... Rxe1+ 26. Rxe1 Qxg4 27. Qxa6 Qf4 (27... h5 $16) 28. Qc6 $18 Kg7 29. Qe4 {[%emt 0:00:18] Against Qc4} Qf6 (29... Qxe4 $16 30. Rxe4 Ra8) 30. g3 Rd7 31. Kg2 g5 (31... Bf8 $142 32. a4 Ra7) 32. a4 Re7 33. Qc4 Ra7 34. Re3 Rb7 35. Re2 Ra7 (35... Bf8 $142 36. b3 Qc6) 36. Rd2 Be7 37. Qe4 (37. b3 $18) 37... Qa6 (37... Qe6 $16 38. Qxe6 fxe6) 38. b3 Bf6 39. Rd5 Rc7 (39... c4 $142) 40. c4 Qb7 41. Qd3 Re7 42. Nh2 (42. Rxc5 g4 $16) 42... Re1 (42... Bd4 $142 43. Nf3 Bf6) 43. Nf3 $2 ({White should try} 43. Ng4 $18 Bd4 44. Ne3) 43... Rc1 $2 (43... Re7 $1 $11 {and Black stays safe.}) 44. Rd7 (44. Nd2 $142) 44... Qc6 45. Rd6 $1 {[%emt 0:00:02][%cal Bd7d6,Bd6f6,Bf6f5][%mdl 32] The board is on fire.} Qe8 (45... Rc3 {might work better.} 46. Qh7+ (46. Rxc6 Rxd3 47. Rb6 Bc3 $18) 46... Kxh7 47. Rxc6 Kg7) 46. Qd2 ({Not} 46. Qf5 Qe7 47. Rb6 Ra1 $16) 46... Rb1 {[%emt 0:00:23] [#]} 47. Rxf6 $1 Rxb3 (47... Kxf6 $142 48. Qc2 g4 49. Qxb1 Qa8) 48. Rf5 g4 49. Nh4 Qe4+ {[%emt 0:00:03] [#]} 50. Kh2 $1 Rb1 51. f3 gxf3 52. Rxf3 {[%emt 0:00:05] Nf5+ would kill now.} Kg8 53. Qd8+ {[%emt 0:00:04] Weighted Error Value: White=0.32/Black=0.64} 1-0

[Event "MCCT Oslo Esports Cup 2022"]
[Site "Oslo"]
[Date "2022.04.20"]
[Round "4.1"]
[White "Carlsen, Magnus"]
[Black "Praggnanandhaa R"]
[Result "1-0"]
[ECO "B31"]
[WhiteElo "2864"]
[BlackElo "2624"]
[Annotator "TA"]
[PlyCount "151"]
[EventDate "2022.04.14"]
[EventType "tourn"]
[EventCountry "NOR"]
[SourceTitle "playchess.com"]
[Source "ChessBase"]
[SourceQuality "1"]
[TimeControl "1500+10"]

1. e4 c5 2. Nf3 Nc6 3. Bb5 g6 4. O-O Bg7 5. d3 Nf6 6. Bxc6 dxc6 7. Re1 O-O 8. h3 Qc7 9. e5 Nd5 10. Nbd2 Nf4 11. Ne4 Bxe5 12. Nxe5 Qxe5 13. Nc3 (13. Ng3 $5 Qc7 14. Bxf4 Qxf4 15. Rxe7 $11) 13... Qc7 14. Bxf4 Qxf4 15. Rxe7 Bxh3 16. Rxb7 Bc8 17. Re7 Be6 18. Qc1 Qh4 (18... Qd6 $5 19. Rb7 Bf5 $11) 19. Rc7 c4 20. dxc4 Qxc4 21. Qe3 Bd5 (21... Qb4 $11 {keeps the balance.}) 22. Nxd5 $16 ({Of course not} 22. Rxa7 $6 Rxa7 23. Qxa7 Bxg2 $11) 22... Qxd5 23. Rxa7 Rae8 24. Re7 (24. Qc3 $16) 24... Rxe7 $14 25. Qxe7 Qd4 $1 26. c3 Qd2 27. Qb7 Re8 28. Qxc6 Re1+ 29. Rxe1 Qxe1+ 30. Kh2 Qxf2 31. Qe8+ Kg7 32. Qe5+ f6 $1 33. Qe7+ Kh6 ({Black should play} 33... Kg8 $14) 34. b4 Qf4+ 35. Kg1 $1 Qc1+ 36. Kf2 $1 Qd2+ (36... Qf4+ $16 {was worth a try.} 37. Ke2 Qc4+ 38. Kf3 Qf1+ 39. Kg3 g5) 37. Qe2 (37. Kf3 $1 $18 {Black must now prevent Qe3+.} Qd5+ 38. Qe4) 37... Qf4+ $16 38. Qf3 Qd2+ 39. Kg3 Kg7 40. a4 $2 ({White has to play} 40. Qb7+ $18 Kh6 41. Qc6) 40... Qg5+ 41. Kf2 Qd2+ 42. Qe2 Qxc3 43. Qe7+ Kg8 44. a5 $1 Qd2+ 45. Kg3 g5 46. Qxf6 Qe1+ 47. Qf2 $1 Qxb4 48. Qf5 Qe1+ 49. Kg4 Qb4+ (49... Qe2+ $16 50. Kxg5 Qxg2+ 51. Kf6 Qb7) 50. Kxg5 $18 Qd2+ 51. Kh5 Qd6 52. g3 Qc6 53. Kg5 Kg7 {[%emt 0:00:06] [#]} 54. Qe5+ $1 Kf7 55. Qf4+ Kg7 56. Qd4+ Kg8 57. Qb6 Qd5+ 58. Kf6 Qf3+ $2 (58... Qf7+ 59. Ke5 Qg7+ 60. Kd5 Qd7+ 61. Kc5 Qf5+ 62. Kc6 Qf3+ 63. Kd7 Qxg3 64. Qe6+ Kg7) 59. Ke7 $18 Qa3+ (59... Qf7+ $18 60. Kd8 Qf8+ 61. Kc7 Qf7+ 62. Kc8 Qf5+ 63. Kb8 Qe5+ 64. Qc7 Qb2+ 65. Ka8 Qa3 66. Qc8+ Kg7) 60. Qd6 Qf3 61. a6 Qf7+ 62. Kd8 Qa2 63. Kc7 Qf7+ 64. Kb6 (64. Qd7 $142 Qc4+ 65. Qc6 Qf7+ 66. Kb8 Qb3+ 67. Kc8 Qf7 68. Kb8 Qb3+ 69. Ka8 Qxg3 70. a7) 64... Qb3+ 65. Ka7 Qf7+ 66. Ka8 Qf3+ 67. Kb8 Qb3+ {[%emt 0:00:02] [#]} 68. Kc8 $1 Qc4+ 69. Kb7 Qb3+ 70. Qb6 Qf3+ 71. Ka7 Qa3 72. Ka8 Kg7 73. a7 Qf8+ 74. Kb7 Qf3+ 75. Qc6 Qb3+ 76. Kc8 1-0

[Event "MCCT Oslo Esports Cup 2022"]
[Site "Oslo"]
[Date "2022.04.20"]
[Round "4.1"]
[White "Giri, Anish"]
[Black "Van Foreest, Jorden"]
[Result "1/2-1/2"]
[ECO "E94"]
[WhiteElo "2773"]
[BlackElo "2714"]
[Annotator "TA"]
[PlyCount "108"]
[EventDate "2022.04.14"]
[EventType "tourn"]
[EventCountry "NOR"]
[SourceTitle "playchess.com"]
[Source "ChessBase"]
[SourceQuality "1"]
[TimeControl "1500+10"]

1. d4 Nf6 2. c4 g6 3. Nc3 Bg7 4. e4 d6 5. Nf3 O-O 6. Be2 e5 7. O-O Bg4 8. d5 a5 9. Ne1 {[%emt 0:00:35] E94: King's Indian: Classical: 6 Be2 e5 7 0-0: Various Black 7th moves.} Bxe2 10. Qxe2 Na6 11. Nd3 {[%emt 0:00:08] [#] White has an edge.} b6 $146 ({Predecessor:} 11... Nd7 12. Be3 f5 13. f3 Nac5 14. Nxc5 Nxc5 15. Bxc5 dxc5 16. Rad1 Rf7 17. Rd3 f4 {0-1 (59) Donchenko,A (2648)-Lagarde,M (2640) Legnica 2021}) 12. Bg5 h6 13. Bd2 Nd7 14. Rab1 Ndc5 15. Nxc5 Nxc5 16. Be3 f5 17. Rfd1 f4 18. Bxc5 {[%emt 0:00:01] [#] Ba3 is the strong threat.} f3 $1 19. gxf3 bxc5 20. Kh1 Kh7 21. Rg1 h5 ({Black should play} 21... Bf6 $11) 22. Rbd1 (22. Rg2 $5 ) 22... Bh6 23. Rd3 Qd7 24. Qf1 Rf6 {[%emt 0:00:26] The position is equal.} 25. Qg2 Raf8 26. Nb5 g5 27. Ra3 R8f7 28. Rxa5 Rxf3 29. Ra7 $1 Rxf2 30. Qxf2 Rxf2 31. Rxc7 Qxc7 32. Nxc7 $11 {[%emt 0:00:00][%mdl 4096] Endgame KRB-KRN} g4 33. Rg2 Rf7 {[%emt 0:00:16] [#] Strongly threatening ...Be3.} 34. Ne6 Be3 35. h3 gxh3 36. Rg3 Rf1+ $1 37. Kh2 Bf4 38. Nxf4 exf4 {[%emt 0:00:00] KR-KR} 39. Rg5 Re1 40. Kxh3 Rxe4 41. Rxh5+ Kg6 42. Kg4 Rxc4 43. Rg5+ Kf6 {[%emt 0:00:01][%cal Of4f3] ( -> ...f3+!)} 44. Rf5+ Ke7 45. Rxf4 Rc2 46. b4 Rxa2 47. bxc5 dxc5 48. Kf3 Rd2 49. Ke4 Rd4+ 50. Ke5 Rxf4 51. Kxf4 Kd6 52. Ke4 c4 53. Kd4 c3 54. Kxc3 Kxd5 {[%emt 0:00:00] Weighted Error Value: White=0.04 (flawless) /Black=0.03 (flawless)} 1/2-1/2

[Event "MCCT Oslo Esports Cup 2022"]
[Site "Oslo"]
[Date "2022.04.20"]
[Round "4.1"]
[White "Duda, Jan-Krzysztof"]
[Black "Mamedyarov, Shakhriyar"]
[Result "1-0"]
[ECO "D38"]
[WhiteElo "2750"]
[BlackElo "2771"]
[Annotator "TA"]
[PlyCount "79"]
[EventDate "2022.04.14"]
[EventType "tourn"]
[EventCountry "NOR"]
[SourceTitle "playchess.com"]
[Source "ChessBase"]
[SourceQuality "1"]
[TimeControl "1500+10"]

1. d4 Nf6 2. c4 e6 3. Nf3 d5 4. Nc3 Bb4 5. cxd5 exd5 6. Bg5 O-O 7. e3 Bf5 {[%emt 0:00:21] D38: Queen's Gambit Declined: Ragozin Defence (4 Nf3 Bb4).} 8. Nd2 $5 {[%emt 0:01:58][%mdl 4] Leaves trodden paths.} c6 9. Qf3 Bg6 {[%emt 0:00:48] White is slightly better.} 10. Bxf6 Qxf6 11. Qxf6 gxf6 {[%emt 0:00:00] [#]} 12. a3 $146 ({Predecessor:} 12. Rc1 Nd7 13. a3 Bd6 14. h4 h6 15. g3 Rfe8 16. Bh3 f5 17. O-O Nf6 18. Na4 {½-½ (54) Frey,M (2047)-Singer,M (1922) Bayern 2011}) 12... Bd6 13. Be2 Nd7 14. Rc1 Rfe8 15. Nb3 h6 16. Na5 Rab8 17. b4 f5 18. g3 {[%emt 0:00:05] Prevents f4.} Nf6 19. Na4 Ne4 20. f3 Nxg3 21. hxg3 {[%emt 0:00:00] Black must now prevent Kf2.} Bxg3+ (21... Rxe3 $11 {keeps the balance.} 22. Rc3 Bxg3+ 23. Kd2 Ree8) 22. Kd2 $16 {[%emt 0:01:56] Threatens to win with f4.} f4 23. Rxh6 ({White must play} 23. Rcg1 $1 $16) 23... Rxe3 {[%emt 0:00:14] [#]} (23... Kg7 $1 $11 {remains equal.} 24. Rch1 Rxe3) 24. Nc3 $1 {[%emt 0:00:27] Black is on the road to losing.} Kg7 25. Rhh1 Re7 {[%emt 0:00:02] [#]} (25... a6 $16) 26. Rcf1 $1 $18 Rbe8 (26... Re3 $142 27. Rhg1 Rbe8) 27. Bd3 Kf6 28. Bxg6 fxg6 29. Nb3 g5 30. Nc5 Bh4 31. Nd3 Kf5 32. Rh2 a5 33. bxa5 Ra8 34. Re2 Rxe2+ 35. Kxe2 ({Less strong is} 35. Nxe2 Rxa5 36. Rb1 Ra7 $16) 35... Rxa5 36. a4 Ra8 37. Ne5 c5 38. Kd3 ({Not} 38. Nxd5 Rxa4 39. Rd1 Ra2+ 40. Kd3 Bf2 $16) 38... Re8 39. Ng4 cxd4 40. Kxd4 {[%emt 0:00:03] Weighted Error Value: White=0.09 (flawless) /Black=0.31} 1-0